[Event "ICC tourney 2479 (75 10)"]
[Site "Internet Chess Club"]
[Date "2021.03.27"]
[Round "2"]
[White "Ramkumar, Nikhil:nikhilramkumar"]
[Black "SRIPADA, ANISHA:waterycargo"]
[Result "1-0"]
[ICCResult "Black checkmated"]
[WhiteElo "569"]
[BlackElo "1241"]
[Opening "French: advance, Euwe variation"]
[ECO "C02"]
[NIC "FR.03"]
[Time "15:32:00"]
[PlyCount "105"]
[TimeControl "4500+10"]

1. e4 e6 2. d4 d5 3. e5 c5 4. c3 Nc6 5. Nf3 Bd7 6. Bd3 Nge7 7. Be3 cxd4 8.
cxd4 Ng6 9. h4 Bb4+ 10. Nc3 Qa5 11. Qb3 Bxc3+ 12. bxc3 Qb6 13. Rb1 Qxb3 14.
axb3 b6 15. h5 Nge7 16. h6 g6 17. Bg5 Rc8 18. Kd2 Rc7 19. Rh3 O-O 20. b4
Re8 21. Nh2 Kf8 22. Ng4 Ng8 23. Rf3 Nce7 24. Rf4 Rec8 25. Rc1 a5 26. b5 a4
27. Rf3 a3 28. Ra1 Rxc3 29. Re3 Nf5 30. Bxf5 Rxe3 31. Bxe6 Rb3 32. Bxd7 Rc7
33. Bc6 Ra7 34. Kc2 Rb4 35. Be3 a2 36. Bxd5 Rc7+ 37. Kd3 Rxb5 38. Bc4 Rb4
39. Bd5 Ne7 40. Nf6 Nxd5 41. Nxd5 Rb3+ 42. Ke4 Ra7 43. Nf6 Rb1 44. Nxh7+
Kg8 45. Nf6+ Kh8 46. Rxa2 Rxa2 47. Kf4 Rh1 48. Kg5 b5 49. d5 b4 50. Bc5 b3
51. Bf8 Rxh6 52. Kxh6 b2 53. Bg7# { Black checkmated } 1-0

[Event "ICC tourney 2479 (75 10)"]
[Site "Internet Chess Club"]
[Date "2021.03.27"]
[Round "2"]
[White "GUAN , TSZ YEUNG:DanielGuan"]
[Black "DHANANJEYAN, TARUN:sudhaparthi"]
[Result "1-0"]
[ICCResult "Black checkmated"]
[WhiteElo "1280"]
[BlackElo "1104"]
[Opening "QGD: exchange, positional line"]
[ECO "D35"]
[NIC "QP.08"]
[Time "15:31:57"]
[PlyCount "149"]
[TimeControl "4500+10"]

1. d4 d5 2. c4 e6 3. cxd5 exd5 4. Nc3 Nf6 5. Bg5 Be7 6. e3 h6 7. Bh4 Nc6 8.
Nf3 a6 9. Be2 Bf5 10. O-O O-O 11. Bxf6 Bxf6 12. Qb3 Be6 13. Qxb7 Qd6 14.
Qb3 Rfb8 15. Qc2 Nb4 16. Qd2 c5 17. dxc5 Qxc5 18. Rfc1 Qb6 19. a3 Nc6 20.
b4 Rd8 21. Na4 Qb7 22. Nc5 Qe7 23. Rab1 Bf5 24. Bd3 Be4 25. Qc2 Bxf3 26.
gxf3 Ne5 27. Be2 Bh4 28. f4 Nc4 29. Bxc4 dxc4 30. Qxc4 Rd2 31. Ne4 Rdd8 32.
Rd1 Rac8 33. Rxd8+ Rxd8 34. Ng3 Qf6 35. Rc1 Qb2 36. a4 Rd2 37. Rf1 Rc2 38.
Qxa6 Qxb4 39. Qa8+ Kh7 40. Qe4+ Qxe4 41. Nxe4 Rc4 42. Nd6 Rxa4 43. Nxf7 Kg6
44. Ne5+ Kf5 45. Nf3 Bf6 46. Rd1 Kg4 47. Kg2 Ra2 48. Rd5 g5 49. h3+ Kh5 50.
fxg5 hxg5 51. h4 Ra4 52. hxg5 Rg4+ 53. Kh3 Bxg5 54. Rxg5+ Rxg5 55. Nxg5
Kxg5 56. f4+ Kf5 57. Kh4 Ke4 58. Kg5 Kd5 59. f5 Kd6 60. Kf6 Kd7 61. Kg7 Ke8
62. f6 Kd8 63. f7 Ke7 64. f8=Q+ Kd7 65. Kf7 Kc7 66. Qe8 Kd6 67. Qe7+ Kc6
68. Qd8 Kb7 69. Qd6 Kc8 70. Qe7 Kb8 71. Qd7 Ka8 72. Ke7 Kb8 73. Kd6 Ka8 74.
Kc6 Kb8 75. Qb7# { Black checkmated } 1-0

[Event "ICC tourney 2479 (75 10)"]
[Site "Internet Chess Club"]
[Date "2021.03.27"]
[Round "2"]
[White "McQuillin, Danil Alsandair:DanilMcQuillin"]
[Black "Goldblatt, Steven:SGOLD9367"]
[Result "1-0"]
[ICCResult "Black resigns"]
[WhiteElo "1193"]
[BlackElo "1318"]
[Opening "English: four knights, kingside fianchetto"]
[ECO "A29"]
[NIC "EO.04"]
[Time "15:32:00"]
[PlyCount "59"]
[TimeControl "4500+10"]

1. c4 e5 2. Nc3 Nf6 3. Nf3 Nc6 4. g3 Bc5 5. Bg2 d6 6. O-O O-O 7. b3 a6 8.
Bb2 h6 9. Na4 Ba7 10. d4 exd4 11. Nxd4 Nxd4 12. Bxd4 Bxd4 13. Qxd4 Re8 14.
Nc3 Nd7 15. Rfd1 Nc5 16. Ne4 Nxe4 17. Bxe4 Qe7 18. Bf3 Qe5 19. e3 Qxd4 20.
Rxd4 Rb8 21. Rc1 Bf5 22. c5 dxc5 23. Rxc5 Bh7 24. Rxc7 b5 25. Rdd7 Bg6 26.
Bd5 Rf8 27. b4 Rb6 28. e4 Bh5 29. e5 Rbb8 30. e6 { Black resigns } 1-0

[Event "ICC tourney 2479 (75 10)"]
[Site "Internet Chess Club"]
[Date "2021.03.27"]
[Round "2"]
[White "procopio, Patti:prostripe"]
[Black "SHARMA, ABDD:catseyenebula"]
[Result "0-1"]
[ICCResult "White resigns"]
[WhiteElo "1223"]
[BlackElo "1369"]
[Opening "King's Indian: London system"]
[ECO "A48"]
[NIC "QP.03"]
[Time "15:32:07"]
[PlyCount "66"]
[TimeControl "4500+10"]

1. d4 Nf6 2. Nf3 g6 3. Bf4 Bg7 4. Nc3 O-O 5. e3 d6 6. h3 Nc6 7. Bc4 Nh5 8.
Bh2 h6 9. Nh4 e6 10. Nf3 a6 11. Ne2 b5 12. Bd3 Bb7 13. c3 Re8 14. Ng3 Nxg3
15. Bxg3 e5 16. dxe5 dxe5 17. Bc2 e4 18. Nd4 Nxd4 19. cxd4 c5 20. dxc5 Bxb2
21. Qxd8 Raxd8 22. Rd1 Rxd1+ 23. Kxd1 Ba3 24. Bd6 Rd8 25. Ke2 Bxc5 26. Bxc5
Rc8 27. Bb3 Rxc5 28. Rd1 Rc7 29. Rd8+ Kg7 30. Rd6 a5 31. Rb6 a4 32. Bd1 Bd5
33. Rxb5 Bc4+ { White resigns } 0-1

[Event "ICC tourney 2479 (75 10)"]
[Site "Internet Chess Club"]
[Date "2021.03.27"]
[Round "2"]
[White "Kirumaki, Shreya A:Chesspenguin123"]
[Black "NAIR, PRANAV PRASANTH:pkcl"]
[Result "0-1"]
[ICCResult "White resigns"]
[WhiteElo "1129"]
[BlackElo "1284"]
[Opening "Giuoco Piano: Greco's attack"]
[ECO "C54"]
[NIC "IG.02"]
[Time "15:32:06"]
[PlyCount "86"]
[TimeControl "4500+10"]

1. e4 e5 2. Nf3 Nc6 3. Bc4 Bc5 4. c3 Nf6 5. d4 exd4 6. cxd4 Bb4+ 7. Nc3 O-O
8. O-O h6 9. e5 Nh7 10. a3 Bxc3 11. bxc3 b6 12. Ne1 Bb7 13. Qg4 Kh8 14. Bd3
Ne7 15. f4 Qe8 16. f5 Rg8 17. Nf3 Bxf3 18. Rxf3 Rc8 19. Rg3 c5 20. h4 cxd4
21. Qh5 dxc3 22. f6 gxf6 23. Qxh6 Ng6 24. h5 Qxe5 25. hxg6 fxg6 26. Bxg6
Rg7 27. Bf4 Qd4+ 28. Kh2 Qc5 29. Bxh7 Rxh7 30. Qxh7+ Kxh7 31. Re1 c2 32.
Re4 f5 33. Re5 Qxe5 34. Bxe5 c1=Q 35. Rh3+ Kg6 36. Rg3+ Kf7 37. Rg7+ Ke6
38. Bd4 Qh6+ 39. Kg3 Qxg7+ 40. Bxg7 Rg8 41. Kf4 Rxg7 42. Kf3 d5 43. Ke3
Rxg2 { White resigns } 0-1

[Event "ICC tourney 2479 (75 10)"]
[Site "Internet Chess Club"]
[Date "2021.03.27"]
[Round "2"]
[White "Button, Zach Ellis:zbutton"]
[Black "MADSEN, STUART:gmstuartscott"]
[Result "1-0"]
[ICCResult "Black resigns"]
[WhiteElo "1316"]
[BlackElo "981"]
[Opening "QGD: Chigorin defense"]
[ECO "D07"]
[NIC "EO.64"]
[Time "15:32:09"]
[PlyCount "141"]
[TimeControl "4500+10"]

1. c4 Nc6 2. d4 d5 3. Nf3 Nf6 4. Nc3 e6 5. Bg5 Be7 6. e3 O-O 7. cxd5 exd5
8. Bb5 Bd7 9. Bxf6 Bxf6 10. Nxd5 a6 11. Ba4 b5 12. Bc2 Be6 13. Nxf6+ Qxf6
14. d5 Rad8 15. Bxh7+ Kxh7 16. Qc2+ Bf5 17. Qxc6 Qxc6 18. dxc6 Bd3 19. Nd4
g6 20. f3 Rfe8 21. Kf2 f5 22. Rad1 Bc4 23. b3 Bd5 24. Rc1 Re7 25. Rc5 Re5
26. Rd1 Rde8 27. Nc2 Bf7 28. Rxe5 Rxe5 29. Rd7 Kg7 30. Nd4 Kf6 31. Rxc7 Rc5
32. Ra7 a5 33. Rxa5 Be8 34. Rxb5 Rc1 35. Rb7 Rc5 36. b4 Rc1 37. b5 Rb1 38.
c7 Bd7 39. a4 Rb2+ 40. Kg3 f4+ 41. exf4 Rb4 42. Ne2 Rxa4 43. b6 Rc4 44. Rb8
Ke6 45. Nd4+ Rxd4 46. c8=Q Bxc8 47. Rxc8 Rb4 48. Rc6+ Kf7 49. h4 Rb5 50.
Kh3 Rb4 51. Rc7+ Kf6 52. b7 Kf5 53. g3 Rb1 54. Kg2 Rb2+ 55. Kf1 Rb1+ 56.
Ke2 Rb3 57. Kd2 Rb1 58. Kd3 Rb4 59. Kc3 Rb1 60. Kd4 Ke6 61. g4 Kd6 62. Rg7
Kc6 63. Ke5 Rb5+ 64. Kf6 g5 65. fxg5 Kd6 66. h5 Kd5 67. h6 Rb6+ 68. Kf5 Kd4
69. Kf4 Rb1 70. h7 Rb6 71. h8=Q { Black resigns } 1-0

[Event "ICC tourney 2479 (75 10)"]
[Site "Internet Chess Club"]
[Date "2021.03.27"]
[Round "3"]
[White "VASHISHT, ANEESH:aneeshgm2013"]
[Black "Singh, Saharsh:saharshsingh02"]
[Result "0-1"]
[ICCResult "White checkmated"]
[WhiteElo "698"]
[BlackElo "914"]
[Opening "King's pawn game"]
[ECO "C44"]
[NIC "KP.07"]
[Time "19:02:00"]
[PlyCount "90"]
[TimeControl "4500+10"]

1. e4 e5 2. Nf3 Nc6 3. d3 f5 4. Bg5 Nf6 5. exf5 d5 6. Bxf6 Qxf6 7. Nc3 Bb4
8. Nd2 Bxf5 9. Nxd5 Qd6 10. Nxb4 Nxb4 11. Nc4 Qc5 12. a3 Na6 13. g4 Be6 14.
Bg2 Rf8 15. Rf1 Bxc4 16. dxc4 Rd8 17. Bxb7 Rxd1+ 18. Kxd1 Qd4+ 19. Kc1 Nc5
20. Rd1 Qxg4 21. Bc6+ Ke7 22. b4 Rxf2 23. bxc5 Qf4+ 24. Kb2 Qxc4 25. Rd7+
Kf6 26. Rc1 Qxc5 27. Rxc7 Qb6+ 28. Ka2 Qxc7 29. Ba4 Rxh2 30. Rf1+ Kg5 31.
Rg1+ Kh4 32. Kb1 Qb6+ 33. Kc1 Qxg1+ 34. Kb2 e4 35. Bc6 e3 36. a4 e2 37. Kb3
e1=Q 38. c3 Qb1+ 39. Kc4 Qg4+ 40. Kc5 Qbf5+ 41. Bd5 Rc2 42. Kd6 Rxc3 43. a5
Qd7+ 44. Ke5 Re3+ 45. Be4 Qxe4# { White checkmated } 0-1

[Event "ICC tourney 2479 (75 10)"]
[Site "Internet Chess Club"]
[Date "2021.03.27"]
[Round "3"]
[White "CAI, ALBERT:Alberttheshow"]
[Black "HAUGHT-TROMP, MATTHEW:MatthewHT"]
[Result "0-1"]
[ICCResult "White checkmated"]
[WhiteElo "522"]
[BlackElo "1037"]
[Opening "Philidor: Improved Hanham variation"]
[ECO "C41"]
[NIC "KP.08"]
[Time "19:02:06"]
[PlyCount "46"]
[TimeControl "4500+10"]

1. e4 e5 2. Nf3 d6 3. d4 Nd7 4. Nc3 Ngf6 5. Bg5 Be7 6. Bc4 O-O 7. O-O c6 8.
Re1 Qc7 9. Bh4 a5 10. Bb3 b5 11. a3 a4 12. Ba2 Bb7 13. b3 axb3 14. Bxb3
exd4 15. Nxd4 Rfe8 16. Bg3 Qb6 17. e5 dxe5 18. Bxe5 Bxa3 19. Bxf6 Nxf6 20.
Nf5 Qc5 21. Nd4 Qxc3 22. Ra2 Rxe1+ 23. Qxe1 Qxe1# { White checkmated } 0-1

[Event "ICC tourney 2479 (75 10)"]
[Site "Internet Chess Club"]
[Date "2021.03.27"]
[Round "3"]
[White "WANG, ALAN:alanwangmd"]
[Black "Ramkumar, Nikhil:nikhilramkumar"]
[Result "1-0"]
[ICCResult "Black checkmated"]
[WhiteElo "1340"]
[BlackElo "569"]
[Opening "Giuoco Piano"]
[ECO "C50"]
[NIC "IG.02"]
[Time "19:02:00"]
[PlyCount "147"]
[TimeControl "4500+10"]

1. e4 e5 2. Bc4 Bc5 3. Nf3 Nc6 4. O-O Nf6 5. Nc3 d6 6. d3 h6 7. a3 Bg4 8.
h3 Bh5 9. Nd5 Nxd5 10. Bxd5 Nd4 11. g4 c6 12. Ba2 Nxf3+ 13. Qxf3 Bg6 14.
Be3 Qb6 15. Bb3 h5 16. gxh5 Rxh5 17. Kh2 Qd8 18. Rg1 Qf6 19. Qxf6 gxf6 20.
Bxc5 dxc5 21. Rg3 Ke7 22. Rf1 f5 23. exf5 Bxf5 24. Re1 Kf6 25. c3 Rah8 26.
Ree3 R8h6 27. Bd1 Rh4 28. Be2 e4 29. dxe4 Bxe4 30. Bg4 Bd5 31. Re8 Be6 32.
Bxe6 fxe6 33. Rf3+ Ke5 34. Re3+ Kd5 35. Re7 Rf4 36. Kg2 Rg6+ 37. Rg3 Rgf6
38. f3 Rf7 39. Rxf7 Rxf7 40. Rg4 e5 41. h4 Rh7 42. Kg3 Ke6 43. Rg5 Kf6 44.
Kg4 b6 45. h5 Rg7 46. Rxg7 Kxg7 47. Kg5 b5 48. h6+ Kh7 49. Kf5 a5 50. Kxe5
b4 51. axb4 cxb4 52. cxb4 axb4 53. f4 c5 54. Kd5 Kxh6 55. Kxc5 Kg6 56. Kxb4
Kf5 57. Kc5 Kxf4 58. b4 Ke5 59. Kc6 Ke6 60. b5 Ke7 61. Kc7 Ke6 62. b6 Kd5
63. b7 Kc5 64. b8=Q Kc4 65. Qb6 Kc3 66. Qb5 Kc2 67. Qb4 Kc1 68. Qb3 Kd2 69.
Kd6 Ke2 70. Ke5 Kd2 71. Ke4 Ke1 72. Qb2 Kd1 73. Kd3 Ke1 74. Qe2# { Black
checkmated } 1-0

[Event "ICC tourney 2479 (75 10)"]
[Site "Internet Chess Club"]
[Date "2021.03.27"]
[Round "3"]
[White "MADSEN, STUART:gmstuartscott"]
[Black "KAMATH, ABHAY:Altra26"]
[Result "1-0"]
[ICCResult "Black checkmated"]
[WhiteElo "981"]
[BlackElo "357"]
[Opening "Queen's gambit declined"]
[ECO "D30"]
[NIC "QP.08"]
[Time "19:02:55"]
[PlyCount "49"]
[TimeControl "4500+10"]

1. d4 d5 2. c4 e6 3. Nf3 Bd7 4. Bf4 dxc4 5. Nc3 h6 6. e4 Qe7 7. e5 f6 8.
Bxc4 b5 9. Bd3 Nc6 10. Be4 O-O-O 11. O-O g5 12. Bd2 g4 13. Ne1 h5 14. Nxb5
fxe5 15. Bxc6 Bxc6 16. Nxa7+ Kb7 17. Qb3+ Kxa7 18. Ba5 Rxd4 19. Rc1 Ba4 20.
Qe3 Bb5 21. Bxc7 Bh6 22. Qxe5 Bg7 23. Qxb5 Rd5 24. Qb6+ Ka8 25. Qb8# {
Black checkmated } 1-0

[Event "ICC tourney 2479 (75 10)"]
[Site "Internet Chess Club"]
[Date "2021.03.27"]
[Round "3"]
[White "Wu, Terrain:Brainstormer"]
[Black "HUA, OLIVER:oxdidi"]
[Result "0-1"]
[ICCResult "White checkmated"]
[WhiteElo "605"]
[BlackElo "993"]
[Opening "Giuoco Piano"]
[ECO "C54"]
[NIC "IG.02"]
[Time "19:02:02"]
[PlyCount "112"]
[TimeControl "4500+10"]

1. e4 e5 2. Nf3 Nc6 3. Bc4 Bc5 4. c3 Nf6 5. d3 h6 6. O-O O-O 7. h3 d6 8.
Bb3 Bd7 9. Nbd2 Qe7 10. Re1 Rfe8 11. Qe2 Rad8 12. a3 Nh5 13. Ba2 Nf4 14.
Qd1 Nxd3 15. Re2 Nf4 16. Re1 Qf6 17. Nb3 Bb6 18. Bxf4 Qxf4 19. Qe2 Qg3 20.
c4 Bxh3 21. Qf1 Qxf3 22. gxf3 Bxf1 23. Kxf1 Bd4 24. Nxd4 Nxd4 25. Re3 Nc2
26. Re2 Nxa1 27. Ke1 Re6 28. Kd1 Rg6 29. Re1 a5 30. Kc1 a4 31. Kb1 Nb3 32.
Bxb3 axb3 33. Kc1 Rg2 34. Re2 Rf8 35. Kd2 f5 36. exf5 Rxf5 37. Ke3 Rg6 38.
Kd2 Rxf3 39. Ke1 Rd3 40. Kf1 b6 41. Re1 Rd2 42. Rb1 Rf6 43. Ke1 Rdxf2 44.
Rd1 Rf1+ 45. Kd2 R6f2+ 46. Ke3 Rxd1 47. Kxf2 Rb1 48. Ke3 Rxb2 49. Ke4 Rd2
50. a4 b2 51. Ke3 Rd4 52. Ke2 b1=Q 53. Kf2 Qb3 54. Ke2 Rxc4 55. Kd2 Rc2+
56. Kd1 Qb1# { White checkmated } 0-1

[Event "ICC tourney 2479 (75 10)"]
[Site "Internet Chess Club"]
[Date "2021.03.27"]
[Round "3"]
[White "HELLER, JACK G:Maximusiv"]
[Black "procopio, Patti:prostripe"]
[Result "1-0"]
[ICCResult "Black resigns"]
[WhiteElo "932"]
[BlackElo "1223"]
[Opening "Caro-Kann: classical variation"]
[ECO "B18"]
[NIC "CK.10"]
[Time "19:02:00"]
[PlyCount "95"]
[TimeControl "4500+10"]

1. e4 c6 2. d4 d5 3. Nc3 dxe4 4. Nxe4 Bf5 5. Ng3 Bg6 6. Nf3 Nf6 7. Bd3 e6
8. Bxg6 hxg6 9. Bf4 Qa5+ 10. Bd2 Qd5 11. Qe2 Bd6 12. c4 Ne4 13. cxd5 Nxg3
14. fxg3 Bxg3+ 15. Kd1 cxd5 16. Bb4 Nc6 17. Ba3 a6 18. Kc2 Bxh2 19. Rxh2
Rxh2 20. Nxh2 Nxd4+ 21. Kd3 Nxe2 22. Kxe2 Rc8 23. b3 Rc2+ 24. Kf1 Kd7 25.
Nf3 Rc6 26. Rc1 Rxc1+ 27. Bxc1 Kc6 28. Bb2 f6 29. Ba3 e5 30. Bf8 e4 31. Ne1
f5 32. Bxg7 Kc5 33. Nc2 b5 34. Bd4+ Kd6 35. b4 Ke6 36. Kf2 g5 37. g3 f4 38.
gxf4 gxf4 39. Ne1 Kf5 40. a3 Kg4 41. Be5 e3+ 42. Ke2 Kg3 43. Nd3 d4 44.
Bxf4+ Kg2 45. Be5 a5 46. bxa5 b4 47. axb4 Kg1 48. a6 { Black resigns } 1-0

[Event "ICC tourney 2479 (75 10)"]
[Site "Internet Chess Club"]
[Date "2021.03.27"]
[Round "3"]
[White "STALEY, TIMOTHY:PirateKing"]
[Black "YANG, LUCAS:brawnykazoo"]
[Result "0-1"]
[ICCResult "White checkmated"]
[WhiteElo "864"]
[BlackElo "1098"]
[Opening "Queen's pawn, Mason variation"]
[ECO "D00"]
[NIC "QP.08"]
[Time "19:02:07"]
[PlyCount "110"]
[TimeControl "4500+10"]

1. d4 d5 2. Bf4 Nf6 3. e3 Bf5 4. Nf3 e6 5. Bd3 Bxd3 6. Qxd3 c6 7. Nbd2 Nbd7
8. O-O Be7 9. Rfe1 O-O 10. c4 Nh5 11. Bg3 Nxg3 12. fxg3 Rc8 13. c5 b6 14.
b4 a5 15. bxa5 bxc5 16. dxc5 Qxa5 17. Nb3 Nxc5 18. Nxc5 Qxc5 19. Rec1 Qd6
20. Rc2 Qd7 21. Rac1 c5 22. Ne5 Qc7 23. e4 Qxe5 24. exd5 exd5 25. Re2 Qg5
26. Rce1 Bd6 27. Qa6 Bb8 28. Qa5 d4 29. Rd1 Qg4 30. Rde1 d3 31. Re4 Qg6 32.
Rc4 d2 33. Qxd2 Rfd8 34. Qa5 Qd6 35. Qa4 Qd2 36. Rcc1 Qd4+ 37. Qxd4 cxd4
38. Rxc8 Rxc8 39. Rd1 Rc2 40. a4 Ra2 41. Rc1 Bd6 42. Rc8+ Bf8 43. Rd8 Rxa4
44. h4 f6 45. Kh2 Kf7 46. Kh3 h5 47. g4 Ra3+ 48. g3 d3 49. gxh5 Bb4 50. Rb8
d2 51. Rxb4 d1=Q 52. Rb7+ Kg8 53. Rb8+ Kh7 54. Rb7 Ra4 55. Rb8 Qh1# { White
checkmated } 0-1

[Event "ICC tourney 2479 (75 10)"]
[Site "Internet Chess Club"]
[Date "2021.03.27"]
[Round "3"]
[White "COVEY, THEODORE DEAN:VirginiaGuy"]
[Black "CAI, ANDREW:minecraftchess"]
[Result "1-0"]
[ICCResult "Black checkmated"]
[WhiteElo "1218"]
[BlackElo "845"]
[Opening "Queen's bishop game"]
[ECO "D02"]
[NIC "QP.08"]
[Time "19:02:10"]
[PlyCount "71"]
[TimeControl "4500+10"]

1. d4 d5 2. Nf3 Nf6 3. Bf4 h6 4. h3 Bf5 5. e3 b6 6. c4 c6 7. Ne5 e6 8. Qa4
Qc8 9. Nc3 Bd6 10. Nxf7 Kxf7 11. Bxd6 Qd7 12. Be5 Re8 13. Be2 Kf8 14. O-O
Qf7 15. cxd5 cxd5 16. Nb5 Qd7 17. Qa3+ Re7 18. Bd6 Nc6 19. Bxe7+ Nxe7 20.
Rac1 a6 21. Rc7 Qd8 22. Ra7 Rxa7 23. Nxa7 Qa8 24. Qxa6 Qb8 25. Rc1 g5 26.
Qa3 g4 27. Rc8+ Qxc8 28. Nxc8 Kf7 29. Qxe7+ Kg6 30. hxg4 Bxg4 31. Bxg4 Nxg4
32. Qxe6+ Nf6 33. Nxb6 Kg5 34. Nxd5 h5 35. Qxf6+ Kg4 36. Qf4# { Black
checkmated } 1-0

[Event "ICC tourney 2479 (75 10)"]
[Site "Internet Chess Club"]
[Date "2021.03.27"]
[Round "3"]
[White "SRIPADA, ANISHA:waterycargo"]
[Black "RANA, OLIVER:oliver-kc"]
[Result "0-1"]
[ICCResult "White resigns"]
[WhiteElo "1241"]
[BlackElo "882"]
[Opening "Queen's pawn, Mason variation, Steinitz counter-gambit"]
[ECO "D00"]
[NIC "QP.08"]
[Time "19:07:21"]
[PlyCount "110"]
[TimeControl "4500+10"]

1. d4 d5 2. Bf4 c5 3. e3 Nf6 4. c3 e6 5. Nf3 Nc6 6. Bd3 Be7 7. O-O O-O 8.
Nbd2 Bd7 9. Bb1 Qb6 10. Qc2 Ne4 11. Nxe4 dxe4 12. Qxe4 f5 13. Qc2 Rac8 14.
Ne5 Nxe5 15. Bxe5 cxd4 16. Bxd4 Bc5 17. g4 Bxd4 18. exd4 Bc6 19. gxf5 Rxf5
20. Qd2 Rh5 21. Qe3 Bd5 22. f3 Qxb2 23. Qf2 Qxa1 24. Bxh7+ Rxh7 25. Rxa1
Rxc3 26. Qb2 Rxf3 27. Qb5 Bc6 28. Qe5 Bd5 29. Qb8+ Rf8 30. Qxa7 Rh6 31. h4
Rg6+ 32. Kh2 Rf2+ 33. Kh3 e5 34. Qb8+ Kh7 35. Qxe5 Be6+ 36. Qxe6 Rxe6 37.
Kg3 Rd2 38. Rb1 Re7 39. Kf3 Rxd4 40. Kg3 Re3+ 41. Kf2 Ra3 42. Rxb7 Rd2+ 43.
Ke1 Rdxa2 44. Rb1 Ra1 45. Rxa1 Rxa1+ 46. Kf2 Kh6 47. Kg3 Kh5 48. Kh3 Ra3+
49. Kg2 Kxh4 50. Kf2 Kh3 51. Ke2 g5 52. Kf2 g4 53. Kg1 Kg3 54. Kf1 Kh2 55.
Kf2 g3+ { White resigns } 0-1

[Event "ICC tourney 2479 (75 10)"]
[Site "Internet Chess Club"]
[Date "2021.03.27"]
[Round "3"]
[White "PRABHU, VARUN:varunprabhu"]
[Black "Kirumaki, Shreya A:Chesspenguin123"]
[Result "0-1"]
[ICCResult "White checkmated"]
[WhiteElo "699"]
[BlackElo "1129"]
[Opening "Giuoco Piano: four knights variation"]
[ECO "C47"]
[NIC "KP.06"]
[Time "19:02:06"]
[PlyCount "74"]
[TimeControl "4500+10"]

1. e4 e5 2. Nf3 Nc6 3. Nc3 Nf6 4. Bc4 Bc5 5. O-O O-O 6. d3 d6 7. Be3 b6 8.
Bxc5 bxc5 9. h3 Bb7 10. Nd5 Na5 11. Qd2 Nxc4 12. dxc4 c6 13. Nxf6+ Qxf6 14.
Rfe1 Rad8 15. Re3 d5 16. exd5 cxd5 17. cxd5 Bxd5 18. Qe2 e4 19. Rxe4 Bxe4
20. Qxe4 Rfe8 21. Qh4 Qxb2 22. Re1 Rxe1+ 23. Nxe1 Rd1 24. Kh2 Qe5+ 25. f4
Qxe1 26. Qxe1 Rxe1 27. g4 Re2+ 28. Kg3 Rxc2 29. g5 Rxa2 30. h4 c4 31. f5 c3
32. h5 c2 33. g6 c1=Q 34. gxh7+ Kxh7 35. Kg4 Qc3 36. Kh4 Ra4+ 37. Kg5 Qg3#
{ White checkmated } 0-1

[Event "ICC tourney 2479 (75 10)"]
[Site "Internet Chess Club"]
[Date "2021.03.27"]
[Round "3"]
[White "DHANANJEYAN, TARUN:sudhaparthi"]
[Black "FINETTE, STEVEN:chess278"]
[Result "1/2-1/2"]
[ICCResult "Game drawn by mutual agreement"]
[WhiteElo "1104"]
[BlackElo "1323"]
[Opening "Queen's pawn game"]
[ECO "D00"]
[NIC "QP.07"]
[Time "19:02:00"]
[PlyCount "37"]
[TimeControl "4500+10"]

1. d4 Nf6 2. Nc3 d5 3. Nf3 Bg4 4. Ne5 Bf5 5. Bf4 c6 6. e3 e6 7. a3 Be7 8.
Bd3 Bxd3 9. Qxd3 Nbd7 10. O-O O-O 11. Nf3 a5 12. e4 b5 13. e5 Nh5 14. Bd2
g6 15. Bh6 Ng7 16. Qd2 Nb6 17. b3 Nd7 18. Ne2 c5 19. c3 { Game drawn by
mutual agreement } 1/2-1/2

[Event "ICC tourney 2479 (75 10)"]
[Site "Internet Chess Club"]
[Date "2021.03.27"]
[Round "3"]
[White "NAIR, PRANAV PRASANTH:pkcl"]
[Black "McQuillin, Danil Alsandair:DanilMcQuillin"]
[Result "0-1"]
[ICCResult "White checkmated"]
[WhiteElo "1284"]
[BlackElo "1193"]
[Opening "Four knights: Italian variation"]
[ECO "C55"]
[NIC "IG.01"]
[Time "19:02:02"]
[PlyCount "110"]
[TimeControl "4500+10"]

1. e4 e5 2. Nf3 Nc6 3. Bc4 Nf6 4. Nc3 Nxe4 5. Nxe4 d5 6. Bxd5 Qxd5 7. Nc3
Qd6 8. d3 Bg4 9. h3 Bh5 10. Be3 Be7 11. Ne4 Qd8 12. Ng3 Bg6 13. O-O f5 14.
Bd2 O-O 15. Bc3 Bf6 16. Re1 Re8 17. Nd2 Nd4 18. Bxd4 Qxd4 19. Rb1 Rad8 20.
Nb3 Qb6 21. Qf3 Rf8 22. Qe3 Qxe3 23. fxe3 Bh4 24. Kh2 f4 25. exf4 exf4 26.
Kg1 Bxg3 27. Re7 Rf7 28. Re2 b6 29. a3 Kf8 30. Ra1 Re7 31. Rxe7 Kxe7 32.
Rf1 c5 33. Rc1 c4 34. dxc4 Bxc2 35. Na1 Rd1+ 36. Rxd1 Bxd1 37. Kf1 Bh4 38.
g4 fxg3 39. Kg2 Bf6 40. Kxg3 Bxb2 41. Kf2 Bxa1 42. Ke1 Bb3 43. Kd2 Bxc4 44.
Kc1 Be6 45. h4 Bf6 46. h5 Bg4 47. h6 gxh6 48. Kd2 h5 49. Kd3 h4 50. Kd2 h3
51. Ke1 h2 52. Kf2 h1=Q 53. Ke3 Qf3+ 54. Kd2 Bc3+ 55. Kc1 Qd1# { White
checkmated } 0-1

[Event "ICC tourney 2479 (75 10)"]
[Site "Internet Chess Club"]
[Date "2021.03.27"]
[Round "3"]
[White "SHARMA, ABDD:catseyenebula"]
[Black "GUAN , TSZ YEUNG:DanielGuan"]
[Result "1-0"]
[ICCResult "Black resigns"]
[WhiteElo "1369"]
[BlackElo "1280"]
[Opening "English, 1...Nf6 (Anglo-Indian defense)"]
[ECO "A15"]
[NIC "EO.64"]
[Time "19:02:02"]
[PlyCount "99"]
[TimeControl "4500+10"]

1. c4 Nf6 2. g3 g6 3. Bg2 Bg7 4. Nc3 O-O 5. Nf3 Nc6 6. O-O d6 7. d3 Bd7 8.
Rb1 Qc8 9. Re1 e5 10. b4 Bh3 11. Bh1 a6 12. Bg5 h5 13. Nd2 Qf5 14. Bxf6
Qxf6 15. a4 h4 16. b5 axb5 17. axb5 Na5 18. Nb3 Nxb3 19. Qxb3 hxg3 20. hxg3
Rab8 21. Ra1 Bh6 22. Ra7 Bc8 23. Rea1 Kg7 24. Nd5 Qd8 25. Qc3 c6 26. bxc6
bxc6 27. Ne7 Bd7 28. Nxc6 Bxc6 29. Bxc6 Qb6 30. Bd5 Bg5 31. Kg2 Bf6 32. e4
Qc5 33. R1a6 Rb6 34. Rxb6 Qxb6 35. Qa3 Qd8 36. Qa4 Qb8 37. Rd7 Bd8 38. Qc6
Ba5 39. Qxd6 Qxd6 40. Rxd6 Bb4 41. Rc6 f5 42. exf5 Rxf5 43. Rc7+ Kh6 44. c5
Be1 45. f3 Ba5 46. Ra7 Bb4 47. c6 Bc5 48. Ra8 Bd6 49. Rd8 Rf6 50. Rd7 {
Black resigns } 1-0

[Event "ICC tourney 2479 (75 10)"]
[Site "Internet Chess Club"]
[Date "2021.03.27"]
[Round "3"]
[White "MANTRI, RISHAB SAI:Rishabmantri"]
[Black "Hawkins, Russell:ThatGuyRussell"]
[Result "1-0"]
[ICCResult "Black resigns"]
[WhiteElo "901"]
[BlackElo "1127"]
[Opening "Sicilian: Canal-Sokolsky (Nimzovich-Rossolimo, Moscow) attack"]
[ECO "B51"]
[NIC "SI.01"]
[Time "19:02:18"]
[PlyCount "129"]
[TimeControl "4500+10"]

1. e4 c5 2. Nf3 d6 3. Bb5+ Nd7 4. c3 a6 5. Bxd7+ Bxd7 6. d4 cxd4 7. cxd4
Nf6 8. Nc3 g6 9. O-O Bc6 10. Re1 Bg7 11. Bf4 O-O 12. Qd2 Rc8 13. Bh6 e6 14.
Bg5 Qb6 15. b3 d5 16. Bxf6 Bxf6 17. e5 Be7 18. Qh6 f6 19. exf6 Bxf6 20.
Rad1 Bd7 21. Qd2 Qb4 22. Rc1 Rc7 23. Nxd5 Qxd2 24. Nxf6+ Rxf6 25. Nxd2 Bc6
26. Nf3 Rd7 27. Ng5 Rxd4 28. Rxe6 Rxe6 29. Nxe6 Rd2 30. Ra1 Bd5 31. Nf4 Bf7
32. Kf1 g5 33. Nh3 h6 34. g3 a5 35. Ke1 Rb2 36. Ng1 a4 37. bxa4 Bxa2 38. a5
Bc4 39. Rc1 Ba6 40. Ra1 g4 41. f3 Rxh2 42. fxg4 Rg2 43. Nf3 Be2 44. Ra3 Ba6
45. Nd4 Kf7 46. Nf5 Kg6 47. Nh4+ Kg5 48. Nxg2 Kxg4 49. Kf2 Kf5 50. Kf3 Ke5
51. g4 Kd5 52. Nh4 Kc5 53. Nf5 Kb4 54. Ra1 Bb5 55. Nxh6 Ba4 56. g5 Kxa5 57.
g6 Kb5 58. Rxa4 Kxa4 59. g7 b5 60. g8=Q b4 61. Qa2+ Kb5 62. Qb3 Kc5 63. Nf5
Kb5 64. Ke4 Kc5 65. Nd4 { Black resigns } 1-0